 Dungeon Crawl Stone Soup version 0.28-a0-691-gad6df49e81 (webtiles) character file.

Game seed: 16337257269629438856

83 voltaire321 the Charlatan (level 4, 0/33 HPs)
             Began as a Demonspawn Artificer on Oct 20, 2021.
             Slain by Grinder (2 damage)
             ... while paralysed by Grinder
             ... on level 3 of the Dungeon.
             The game lasted 00:05:23 (3040 turns).

voltaire321 the Charlatan (Demonspawn Artificer)    Turns: 3040, Time: 00:05:24

Health: 0/33       AC:  5    Str: 12    XL:     4   Next: 22%
Magic:  4/4        EV:  2    Int: 13    God:
Gold:   93         SH:  0    Dex: 14    Spells: 3/3 levels left

rFire   . . .      SeeInvis .   j - +2 dagger (elec)
rCold   . . .      Faith    .   k - +0 buckler
rNeg    . . .      Spirit   .   a - +0 ring mail
rPois   .          Reflect  .   (no helmet)
rElec   .          Harm     .   (no cloak)
rCorr   .          Rampage  .   (no gloves)
Will    .....                   (no boots)
Stlth   +.........              (no amulet)
HPRegen 0.11/turn               (no ring)
MPRegen 0.09/turn               (no ring)

@: paralysed
A: powered by death 1, weakness stinger 1
a: no special abilities


You were on level 3 of the Dungeon.
You visited 1 branch of the dungeon, and saw 3 of its levels.

You collected 93 gold pieces.

Inventory:

Hand Weapons
 j - a +2 dagger of electrocution (weapon)
 m - a +0 rapier
Armour
 a - a +0 ring mail (worn)
 k - a +0 buckler (worn)
Wands
 c - a wand of flame (10) (quivered)
 d - a wand of charming (15)
Scrolls
 b - 2 scrolls of immolation {unknown}
 f - 3 scrolls of identify {unknown}
 i - a scroll of amnesia {unknown}
 l - a scroll of acquirement {unknown}
 n - a scroll of vulnerability {unknown}
Potions
 g - a potion of invisibility {unknown}
 h - a potion of curing {unknown}
Miscellaneous
 e - a piece from Xom's chessboard (15/15)


   Skills:
 + Level 2.1 Fighting
 + Level 2.5 Armour
 + Level 1.8 Dodging
 - Level 0.8 Stealth
 + Level 0.3 Shields
 + Level 3.6 Evocations


You had 3 spell levels left.
You didn't know any spells.
Your spell library was empty.

Dungeon Overview and Level Annotations

Branches:
Dungeon (3/15)

Altars:
Nemelex Xobeh

Annotations:
D:3 Grinder


Innate Abilities, Weirdness & Mutations

You regenerate a little health from kills.
You have a small tail.


Message History

You hit Grinder. You tail-slap Grinder.
Grinder is lightly wounded.
Grinder barely misses you.
You hit Grinder.
Grinder is lightly wounded.
Grinder completely misses you.
You hit Grinder but do no damage. Lightning courses through Grinder!
Grinder is heavily wounded.
Grinder hits you but does no damage. x2
You hit Grinder.
Grinder is heavily wounded.
Grinder hits you.
You writhe in agony.
You hit Grinder but do no damage. Lightning courses through Grinder!
Grinder is almost dead.
Grinder gestures at you. Pain shoots through your body!
You hit Grinder.
Your tail-slap misses Grinder.
Grinder is almost dead.
The dart slug launches a dart at you. The slug dart hits you.
Grinder blinks!
You hit the dart slug.
Lightning courses through the dart slug!
You kill the dart slug!
Aiming: Throw Flame
Press: ? - help, Shift-Dir - straight line, f - Grinder
Aim: Grinder (almost dead, 68% to hit)
The puff of flame hits Grinder.
Grinder is almost dead.
Grinder gestures at you. You resist with significant effort.
Grinder gestures at you.
You suddenly lose the ability to move!
Grinder hits you.
You writhe in agony.
* * * LOW HITPOINT WARNING * * *
Grinder gestures at you.
You shrug off the repeated paralysis!
Grinder hits you!
* * * LOW HITPOINT WARNING * * *
You writhe in agony.
You die...

..............# #
#.............# ###
#..<..........# #####..
#...........# ###.....#
#.....$.....# ###...##.##
##........#.####...#..#..#
#........####...####.##.#
#..........†...###..#..#..
#.#+#....@5##.##....##.##.
# +.......#..#..⌠..#..#(
#...≈...##.##....##.##
..<..P≈♣...#..#..#.#...#
.$≈≈≈♣≈≈≈####.####...###
#♣♣≈P≈P≈P♣#.#..#...###.#
♣P≈≈≈≈≈♣#.##...###...#
♣♣♣≈≈P≈P≈♣#..#.###...#..
♣♣♣≈≈≈≈≈≈≈≈≈#..#.#...####.


You could see Grinder.

Vanquished Creatures
  3 adders
  3 dart slugs
  4 ball pythons
  6 endoplasms
  A giant cockroach (D:2)
  4 hobgoblins
  4 jackals (D:1)
  4 quokkas
  6 bats
  3 frilled lizards
  4 kobolds (D:1)
  6 rats
48 creatures vanquished.

Notes
Turn   | Place    | Note
-------+----------+-------------------------------------------
     0 | D:1      | voltaire321 the Demonspawn Artificer began the quest for
                  | the Orb.
     0 | D:1      | Reached XP level 1. HP: 15/15 MP: 1/1
    62 | D:1      | Found a faded altar of an unknown god.
   229 | D:1      | Reached skill level 1 in Dodging
   498 | D:1      | Gained mutation: You regenerate a little health from kills.
                  | [demonic ancestry]
   498 | D:1      | Reached XP level 2. HP: 8/21 MP: 2/2
  1824 | D:2      | Reached XP level 3. HP: 21/27 MP: 3/3
  2238 | D:2      | Found a sparkling altar of Nemelex Xobeh.
  2774 | D:3      | Gained mutation: You have a small tail. [demonic ancestry]
  2774 | D:3      | Reached XP level 4. HP: 26/33 MP: 4/4
  2928 | D:3      | Found a sparkling altar of Nemelex Xobeh.
  3016 | D:3      | Noticed Grinder
  3037 | D:3      | Paralysed by Grinder for 7 turns
  3040 | D:3      | Slain by Grinder

Illustrated notes

Levels and vault maps discovered:
D:1:      amcnicky_arrival_wind_blow, layout_loops_corners,
          ebering_ecumenical_altar_mist
D:2:      layout_rooms, basic_altar, corexii_corridor_pit,
          minmay_misc_feat_nine_boxes
D:3:      minmay_skewed_foursquare, layout_rooms,
          nicolae_uskayaw_murder_on_the_dancefloor,
          mainiacjoe_overflow_surrounded_room, lemuel_round_altar, minitemple,
          serial_shops, nicolae_shop_behind_doors, serial_bayou_lagoon_b,
          uniq_terence, uniq_grinder

Skill      XL: |  1  2  3 |
---------------+----------+-----
Dodging        | 1 |  1.8
Armour         | 2 |  2.5
Fighting       | 2 |  2.1
Stealth        | |  0.8
Shields        | |  0.3
Evocations     | |  3.6

Action                   |  1- 3 |  4- 6 || total
-------------------------+-------+-------++-------
Melee: Club              |    43 |       ||    43
       Dagger            |   123 |    17 ||   140
       Short sword       |     2 |       ||     2
       Tailslap          |       |     3 ||     3
Evoke: Wand              |     4 |     1 ||     5
 Stab: Sleeping          |     2 |       ||     2
Armor: Leather armour    |    19 |       ||    19
       Ring mail         |    41 |     6 ||    47
Dodge: Dodged            |    96 |     8 ||   104
Block: Buckler           |     3 |       ||     3

Table legend: (Time is in decaauts)
 A = Elapsed time spent in this place.
 B = Non-inter-level travel time spent in this place.
 C = Inter-level travel time spent in this place.
 D = Time resting spent in this place.
 E = Time spent auto-exploring this place.
 F = Levels seen in this place.
 G = Mean time per level.
                   A        B        C        D        E       F      G
               +--------+--------+--------+--------+--------+-----+--------+
         Total |   3054 |   3047 |      7 |   1007 |   1535 |   3 | 1018.0 |
       Dungeon |   3054 |   3047 |      7 |   1007 |   1535 |   3 | 1018.0 |
               +--------+--------+--------+--------+--------+-----+--------+

Top non-repeatable levels by time:
     D:1: 1741 daAuts
     D:2: 700 daAuts
     D:3: 612 daAuts
